| TOP OF THE 1ST |
|
San Francisco (APP) Giants batting - Pitching for San Diego (APP) Padres : LHP Ryan Tatum
|
|
Pitching: LHP Ryan Tatum
|
|
|
Batting: SHB David Barona
|
0-0: Fly out, F9 (Flyball, 9LM, EV 86.3 MPH)
|
|
Batting: RHB Frank Pena
|
0-0: TRIPLE (Flyball, 78XD, EV 113.8 MPH)
|
|
Batting: RHB Jason Gregor
|
0-0: Foul Ball, location: 2F 0-1: SINGLE (Groundball, 4MD, EV 101.9 MPH) Frank Pena scores
|
|
Batting: RHB Edwin Verdugo
|
0-0: Called Strike 0-1: Ball Wild Pitch! Jason Gregor to second 1-1: Foul Ball, location: 2F 1-2: Strikes out looking
|
|
Batting: RHB Teruhide Horiuchi
|
0-0: Called Strike 0-1: Fly out, F9 (Line Drive, 9, EV 93.1 MPH)
|
| Top of the 1st over - 1 run, 2 hits, 0 errors, 1 left on base; San Francisco (APP) 1 - San Diego (APP) 0 |
| BOTTOM OF THE 1ST |
|
San Diego (APP) Padres batting - Pitching for San Francisco (APP) Giants : RHP John Delaney
|
|
Pitching: RHP John Delaney
|
|
|
Batting: SHB Yutaro Takahashi
|
0-0: Ball 1-0: DOUBLE (Line Drive, 89D, EV 106.9 MPH)
|
|
Batting: RHB Freddie Brown
|
0-0: Ball 1-0: Foul Ball, location: 2F 1-1: 2-RUN HOME RUN (Flyball, 78XD, EV 106.3 MPH), Distance : 421 ft
|
|
Batting: RHB Antonio Lara
|
0-0: Swinging Strike 0-1: Swinging Strike 0-2: Foul Ball, location: 2F 0-2: Strikes out swinging
|
|
Batting: LHB Carlos Cuellar
|
0-0: Called Strike 0-1: Ball 1-1: Ball 2-1: Foul Ball, location: 2F 2-2: Fly out, F7 (Line Drive, 7, EV 90.6 MPH)
|
|
Batting: LHB Conor Barron
|
0-0: Ball 1-0: Ball 2-0: Ball 3-0: Called Strike 3-1: Ground out 4-3 (Groundball, 4, EV 85.0 MPH)
|
| Bottom of the 1st over - 2 runs, 2 hits, 0 errors, 0 left on base; San Francisco (APP) 1 - San Diego (APP) 2 |
| TOP OF THE 2ND |
|
San Francisco (APP) Giants batting - Pitching for San Diego (APP) Padres : LHP Ryan Tatum
|
|
Batting: RHB Sadataka Kuwahara
|
0-0: Called Strike 0-1: Foul Ball, location: 2F 0-2: Foul Ball, location: 2F 0-2: Ball 1-2: Ball 2-2: Ground out U3 (Groundball, 34, EV 88.8 MPH)
|
|
Batting: LHB Steve Nevis
|
0-0: Swinging Strike 0-1: Ground out 5-3 (Groundball, 5, EV 84.4 MPH)
|
|
Batting: RHB Alexis Andrade
|
0-0: Called Strike 0-1: Ground out 1-3 (Groundball, 13S, EV 71.9 MPH)
|
| Top of the 2nd over - 0 runs, 0 hits, 0 errors, 0 left on base; San Francisco (APP) 1 - San Diego (APP) 2 |
| BOTTOM OF THE 2ND |
|
San Diego (APP) Padres batting - Pitching for San Francisco (APP) Giants : RHP John Delaney
|
|
Batting: LHB Rogelio Nunez
|
0-0: Called Strike 0-1: Swinging Strike 0-2: Strikes out looking
|
|
Batting: RHB Tyler West
|
0-0: Ball 1-0: Foul Ball, location: 2F 1-1: Swinging Strike 1-2: Fly out, F9 (Flyball, 9LM, EV 84.4 MPH)
|
|
Batting: RHB Max Stillo
|
0-0: Ball 1-0: Foul Ball, location: 2F 1-1: SINGLE (Groundball, 34D, EV 96.3 MPH)
|
|
Pitching: RHP Hiroaki Yazawa
|
|
|
Batting: RHB Justin Blount
|
0-0: Ball 1-0: Ball 2-0: Called Strike 2-1: Ground out 6-3 (Groundball, 6M, EV 102.5 MPH)
|
| Bottom of the 2nd over - 0 runs, 1 hit, 0 errors, 1 left on base; San Francisco (APP) 1 - San Diego (APP) 2 |
| TOP OF THE 3RD |
|
San Francisco (APP) Giants batting - Pitching for San Diego (APP) Padres : LHP Ryan Tatum
|
|
Batting: RHB Bob Schweiger
|
0-0: Swinging Strike 0-1: Foul Ball, location: 2F 0-2: Ball 1-2: Ball 2-2: Foul Ball, location: 2F 2-2: Strikes out swinging
|
|
Batting: SHB David Barona
|
0-0: Called Strike 0-1: Ball 1-1: Ball 2-1: Ground out 5-3 (Groundball, 5, EV 104.4 MPH)
|
|
Batting: RHB Frank Pena
|
0-0: Ball 1-0: Foul Ball, location: 2F 1-1: Foul Ball, location: 2F 1-2: Foul Ball, location: 2F 1-2: Strikes out looking
|
| Top of the 3rd over - 0 runs, 0 hits, 0 errors, 0 left on base; San Francisco (APP) 1 - San Diego (APP) 2 |
| BOTTOM OF THE 3RD |
|
San Diego (APP) Padres batting - Pitching for San Francisco (APP) Giants : RHP Hiroaki Yazawa
|
|
Batting: SHB Yutaro Takahashi
|
0-0: Called Strike 0-1: Ball 1-1: Called Strike 1-2: Strikes out swinging
|
|
Batting: RHB Freddie Brown
|
0-0: Foul Ball, location: 2F 0-1: Ball 1-1: Foul Ball, location: 2F 1-2: Fly out, F3 (Popup, 3F, EV 56.3 MPH)
|
|
Batting: RHB Antonio Lara
|
0-0: Called Strike 0-1: Foul Ball, location: 2F 0-2: Strikes out swinging
|
| Bottom of the 3rd over - 0 runs, 0 hits, 0 errors, 0 left on base; San Francisco (APP) 1 - San Diego (APP) 2 |
| TOP OF THE 4TH |
|
San Francisco (APP) Giants batting - Pitching for San Diego (APP) Padres : LHP Ryan Tatum
|
|
Batting: RHB Jason Gregor
|
0-0: Ball 1-0: Foul Ball, location: 2F 1-1: Swinging Strike 1-2: SINGLE (Groundball, 4MD, EV 97.5 MPH)
|
|
Batting: RHB Edwin Verdugo
|
0-0: Ball 1-0: Foul Ball, location: 2F 1-1: Called Strike 1-2: Strikes out swinging
|
|
Batting: RHB Teruhide Horiuchi
|
0-0: Ball Wild Pitch! Jason Gregor to second 1-0: Ball 2-0: Foul Ball, location: 2F 2-1: Ball 3-1: Base on Balls
|
|
Batting: RHB Sadataka Kuwahara
|
0-0: Foul Ball, location: 2F 0-1: Called Strike 0-2: Strikes out swinging
|
|
Batting: LHB Steve Nevis
|
0-0: Foul Ball, location: 2F 0-1: Fielders Choice at 2nd, U4 (Groundball, 4M, EV 85.6 MPH)
|
| Top of the 4th over - 0 runs, 1 hit, 0 errors, 2 left on base; San Francisco (APP) 1 - San Diego (APP) 2 |
| BOTTOM OF THE 4TH |
|
San Diego (APP) Padres batting - Pitching for San Francisco (APP) Giants : RHP Hiroaki Yazawa
|
|
Pitching: RHP Filip Nebylitsin
|
|
|
Batting: LHB Carlos Cuellar
|
0-0: Ball 1-0: Fly out, F8 (Flyball, 8LXD, EV 106.9 MPH)
|
|
Batting: LHB Conor Barron
|
0-0: Ball 1-0: TRIPLE (Flyball, 78XD, EV 100.0 MPH)
|
|
Batting: LHB Rogelio Nunez
|
0-0: Ball 1-0: SINGLE (Line Drive, 7LS, EV 105.6 MPH) Conor Barron scores
|
|
Batting: RHB Tyler West
|
0-0: Ball 1-0: Called Strike 1-1: Ball Rogelio Nunez is caught stealing 2nd base 2-4 2-1: Foul Ball, location: 2F 2-2: Ground out U3 (Groundball, 13, EV 93.1 MPH)
|
| Bottom of the 4th over - 1 run, 2 hits, 0 errors, 0 left on base; San Francisco (APP) 1 - San Diego (APP) 3 |
| TOP OF THE 5TH |
|
San Francisco (APP) Giants batting - Pitching for San Diego (APP) Padres : LHP Ryan Tatum
|
|
Batting: RHB Alexis Andrade
|
0-0: Ball 1-0: Ball 2-0: Ground out 5-3 (Groundball, 56, EV 101.3 MPH)
|
|
Batting: RHB Bob Schweiger
|
0-0: Foul Ball, location: 2F 0-1: Ball 1-1: Swinging Strike 1-2: Strikes out swinging
|
|
Batting: SHB David Barona
|
0-0: Ball 1-0: Foul Ball, location: 2F 1-1: Ball 2-1: Ball 3-1: Called Strike 3-2: Strikes out looking
|
| Top of the 5th over - 0 runs, 0 hits, 0 errors, 0 left on base; San Francisco (APP) 1 - San Diego (APP) 3 |
| BOTTOM OF THE 5TH |
|
San Diego (APP) Padres batting - Pitching for San Francisco (APP) Giants : RHP Filip Nebylitsin
|
|
Batting: RHB Max Stillo
|
0-0: Called Strike 0-1: Called Strike 0-2: Ball 1-2: Strikes out looking
|
|
Batting: RHB Justin Blount
|
0-0: Foul Ball, location: 2F 0-1: Called Strike 0-2: Foul Ball, location: 2F 0-2: Ball 1-2: Ball 2-2: Ball 3-2: Foul Ball, location: 2F 3-2: SOLO HOME RUN (Flyball, 7D, EV 94.4 MPH), Distance : 367 ft
|
|
Batting: SHB Yutaro Takahashi
|
0-0: Called Strike 0-1: Ball 1-1: Ball 2-1: Foul Ball, location: 2F 2-2: Foul Ball, location: 2F 2-2: Ball 3-2: Strikes out swinging
|
|
Batting: RHB Freddie Brown
|
0-0: Swinging Strike 0-1: Foul Ball, location: 2F 0-2: Ball 1-2: Foul Ball, location: 2F 1-2: Strikes out looking
|
| Bottom of the 5th over - 1 run, 1 hit, 0 errors, 0 left on base; San Francisco (APP) 1 - San Diego (APP) 4 |
| TOP OF THE 6TH |
|
San Francisco (APP) Giants batting - Pitching for San Diego (APP) Padres : LHP Ryan Tatum
|
|
Batting: RHB Frank Pena
|
0-0: Called Strike 0-1: Ball 1-1: Ball 2-1: Ball 3-1: Swinging Strike 3-2: Base on Balls
|
|
Batting: RHB Jason Gregor
|
0-0: Ball 1-0: Ball 2-0: Foul Ball, location: 2F 2-1: Foul Ball, location: 2F 2-2: Ball 3-2: Hit by Pitch Frank Pena to second
|
|
Pitching: RHP Nick Goodlow
|
|
|
Batting: RHB Edwin Verdugo
|
0-0: Ball 1-0: Foul Ball, location: 2F 1-1: Fly out, F9 (Flyball, 9D, EV 97.5 MPH) Runner from 2nd tags up, SAFE at 3rd, no throw by RF
|
|
Batting: RHB Teruhide Horiuchi
|
0-0: Swinging Strike 0-1: Swinging Strike 0-2: Strikes out looking
|
|
Batting: RHB Sadataka Kuwahara
|
0-0: Ball 1-0: Foul Ball, location: 2F 1-1: Fly out, F7 (Flyball, 8LM, EV 93.1 MPH)
|
| Top of the 6th over - 0 runs, 0 hits, 0 errors, 2 left on base; San Francisco (APP) 1 - San Diego (APP) 4 |
| BOTTOM OF THE 6TH |
|
San Diego (APP) Padres batting - Pitching for San Francisco (APP) Giants : RHP Filip Nebylitsin
|
|
Pitching: LHP Mark Gregor
|
|
|
Batting: RHB Antonio Lara
|
0-0: Called Strike 0-1: Foul Ball, location: 2F 0-2: Strikes out swinging
|
|
Batting: LHB Carlos Cuellar
|
0-0: Ball 1-0: Swinging Strike 1-1: Swinging Strike 1-2: Foul Ball, location: 2F 1-2: Strikes out swinging
|
|
Batting: LHB Conor Barron
|
0-0: Foul Ball, location: 2F 0-1: Called Strike 0-2: Foul Ball, location: 2F 0-2: Strikes out swinging
|
| Bottom of the 6th over - 0 runs, 0 hits, 0 errors, 0 left on base; San Francisco (APP) 1 - San Diego (APP) 4 |
| TOP OF THE 7TH |
|
San Francisco (APP) Giants batting - Pitching for San Diego (APP) Padres : RHP Nick Goodlow
|
|
Batting: LHB Steve Nevis
|
0-0: Ground out 5-3 (Groundball, 5L, EV 81.9 MPH)
|
|
Batting: RHB Alexis Andrade
|
0-0: Ball 1-0: Foul Ball, location: 2F 1-1: Ball 2-1: Called Strike 2-2: Ball 3-2: Base on Balls
|
|
Batting: RHB Bob Schweiger
|
0-0: Called Strike 0-1: Called Strike 0-2: Ball 1-2: Strikes out swinging
|
|
Batting: SHB David Barona
|
0-0: Ball 1-0: Called Strike 1-1: Ball 2-1: Ball 3-1: Fly out, F8 (Flyball, 89S, EV 86.9 MPH)
|
| Top of the 7th over - 0 runs, 0 hits, 0 errors, 1 left on base; San Francisco (APP) 1 - San Diego (APP) 4 |
| BOTTOM OF THE 7TH |
|
San Diego (APP) Padres batting - Pitching for San Francisco (APP) Giants : LHP Mark Gregor
|
|
Batting: LHB Rogelio Nunez
|
0-0: Ground out U3 (Groundball, 3, EV 81.9 MPH)
|
|
Batting: RHB Tyler West
|
0-0: Ball 1-0: Swinging Strike 1-1: Foul Ball, location: 2F 1-2: Fly out, F9 (Flyball, 9LM, EV 89.4 MPH)
|
|
Batting: RHB Max Stillo
|
0-0: Swinging Strike 0-1: Foul Ball, location: 2F 0-2: Strikes out swinging
|
| Bottom of the 7th over - 0 runs, 0 hits, 0 errors, 0 left on base; San Francisco (APP) 1 - San Diego (APP) 4 |
| TOP OF THE 8TH |
|
San Francisco (APP) Giants batting - Pitching for San Diego (APP) Padres : RHP Nick Goodlow
|
|
Pitching: RHP Roger Brennan
|
|
|
Batting: RHB Frank Pena
|
0-0: Fly out, F6 (Popup, P, EV 82.5 MPH)
|
|
Batting: RHB Jason Gregor
|
0-0: Called Strike 0-1: Swinging Strike 0-2: Fly out, F6 (Popup, 6M, EV 73.1 MPH)
|
|
Batting: RHB Edwin Verdugo
|
0-0: Ball 1-0: Called Strike 1-1: Foul Ball, location: 2F 1-2: Ball 2-2: Reached on error, E6 (Groundball, 6, EV 94.4 MPH)
|
|
Batting: RHB Teruhide Horiuchi
|
0-0: Ball Wild Pitch! Edwin Verdugo to second 1-0: Ball 2-0: Called Strike 2-1: Foul Ball, location: 2F 2-2: Strikes out swinging
|
| Top of the 8th over - 0 runs, 0 hits, 1 error, 1 left on base; San Francisco (APP) 1 - San Diego (APP) 4 |
| BOTTOM OF THE 8TH |
|
San Diego (APP) Padres batting - Pitching for San Francisco (APP) Giants : LHP Mark Gregor
|
|
Pitching: RHP Corey Cauley
|
|
|
Batting: RHB Justin Blount
|
0-0: Ground out 6-3 (Groundball, P, EV 84.4 MPH)
|
|
Batting: SHB Yutaro Takahashi
|
0-0: Ball 1-0: Ball 2-0: Called Strike 2-1: Ball 3-1: Base on Balls
|
|
Batting: RHB Freddie Brown
|
0-0: Ball 1-0: Foul Ball, location: 2F 1-1: Ball 2-1: Ball 3-1: Called Strike 3-2: Foul Ball, location: 2F 3-2: Fielders Choice at 2nd, 5-4 (Groundball, 56, EV 83.1 MPH)
|
|
Batting: RHB Antonio Lara
|
0-0: Ball 1-0: Ball 2-0: Ball 3-0: Base on Balls Freddie Brown to second
|
|
Batting: LHB Carlos Cuellar
|
0-0: Foul Ball, location: 2F 0-1: Hit by Pitch Freddie Brown to third Antonio Lara to second
|
|
Batting: LHB Conor Barron
|
0-0: Ball 1-0: GRAND SLAM HOME RUN (Flyball, 9D, EV 99.4 MPH), Distance : 374 ft
|
|
Pitching: RHP Nick McDade
|
|
|
Batting: LHB Rogelio Nunez
|
0-0: Called Strike 0-1: SINGLE (Groundball, 6S, EV 66.9 MPH) (infield hit)
|
|
Batting: RHB Tyler West
|
0-0: Foul Ball, location: 2F 0-1: Called Strike Rogelio Nunez steals 2nd base 0-2: SINGLE (Groundball, 34D, EV 99.4 MPH) Rogelio Nunez to third Runner from 3rd tries for Home, SAFE, throw by RF to home
|
|
Batting: RHB Max Stillo
|
0-0: 2-RUN HOME RUN (Flyball, 7LD, EV 98.1 MPH), Distance : 359 ft
|
|
Batting: RHB Justin Blount
|
0-0: Called Strike 0-1: Swinging Strike 0-2: Foul Ball, location: 2F 0-2: Ball 1-2: SOLO HOME RUN (Flyball, 7D, EV 102.5 MPH), Distance : 379 ft
|
|
Pitching: RHP Dinand Brouwer
|
|
|
Batting: SHB Yutaro Takahashi
|
0-0: Called Strike 0-1: Ball 1-1: Called Strike 1-2: Ball 2-2: Ball 3-2: Base on Balls
|
|
Batting: RHB Freddie Brown
|
0-0: Ball 1-0: Called Strike 1-1: Foul Ball, location: 2F 1-2: Ball 2-2: 2-RUN HOME RUN (Flyball, 78XD, EV 100.0 MPH), Distance : 424 ft
|
|
Batting: RHB Antonio Lara
|
0-0: Foul Ball, location: 2F 0-1: Foul Ball, location: 2F 0-2: Ball 1-2: Foul Ball, location: 2F 1-2: Ball 2-2: Foul Ball, location: 2F 2-2: Ground out 6-3 (Groundball, 6, EV 81.3 MPH)
|
| Bottom of the 8th over - 10 runs, 6 hits, 0 errors, 0 left on base; San Francisco (APP) 1 - San Diego (APP) 14 |
| TOP OF THE 9TH |
|
San Francisco (APP) Giants batting - Pitching for San Diego (APP) Padres : RHP Roger Brennan
|
|
Batting: RHB Sadataka Kuwahara
|
0-0: Foul Ball, location: 2F 0-1: DOUBLE (Line Drive, 9LS, EV 100.6 MPH)
|
|
Batting: LHB Steve Nevis
|
0-0: Ball 1-0: Foul Ball, location: 2F 1-1: Swinging Strike 1-2: Foul Ball, location: 2F 1-2: Strikes out swinging
|
|
Batting: RHB Alexis Andrade
|
0-0: Called Strike 0-1: Ground out 4-3 (Groundball, 34, EV 76.3 MPH) Sadataka Kuwahara to third
|
|
Pinch Hitting: RHB Pedro Quezada
|
0-0: Called Strike 0-1: Swinging Strike 0-2: Foul Ball, location: 2F 0-2: Foul Ball, location: 2F 0-2: Ball 1-2: Strikes out swinging
|
| Top of the 9th over - 0 runs, 1 hit, 0 errors, 1 left on base; San Francisco (APP) 1 - San Diego (APP) 14 |
|